 Dungeon Crawl Stone Soup version 0.24.0-13-gcf9b3192b9 (webtiles) character file.

Game seed: 18225670596057218496, levelgen mode: deterministic

9 Katsumi the Changer (level 2, 0/12 HPs)
             Began as a Felid Transmuter on Nov 10, 2019.
             Slain by an adder (1 damage)
             ... on level 2 of the Dungeon.
             The game lasted 00:01:17 (495 turns).

Katsumi the Changer (Felid Transmuter)               Turns: 495, Time: 00:01:17

Health: 0/12       AC:  1    Str:  3 (6)  XL:     2   Next: 6%
Magic:  2/6        EV: 17    Int: 11 (14) God:
Gold:   34         SH:  0    Dex: 14 (16) Spells: 2/5 levels left
                                        Lives:  0   Deaths: 0

rFire    . . .     SeeInvis +     - Unarmed
rCold    . . .     Gourm    .   (shield unavailable)
rNeg     . . .     Faith    .   (armour unavailable)
rPois    .         Spirit   .   (helmet unavailable)
rElec    .         Reflect  .   (cloak unavailable)
rCorr    .         Harm     .   (gloves unavailable)
MR       .....                  (boots unavailable)
Stlth    ++........             (no amulet)
HPRegen  0.04/turn              (no ring)
MPRegen  0.10/turn              (no ring)

@: appendage (expiring), very slightly contaminated, quick
A: very small, no armour, no weapons or thrown items, stealth, claws 1, fangs 3,
horns 2, see invisible, carnivore, speed 1, shaggy fur 1, slow metabolism 1,
sharp paws
a: End Transformation


You were on level 2 of the Dungeon.
You were full.
You had grown temporary horns.
You visited 1 branch of the dungeon, and saw 2 of its levels.

You collected 34 gold pieces.

Inventory:

Missiles
 a - 18 arrows
Comestibles
 c - 2 rations


   Skills:
 - Level 1.0 Fighting
 - Level 2.6 Dodging
 - Level 3.0 Unarmed Combat
 - Level 2.0 Spellcasting
 + Level 3.1 Transmutations


You had 2 spell levels left.
You knew the following spells:

 Your Spells              Type           Power        Failure   Level  Hunger
a - Beastly Appendage     Tmut           #.....       9%          1    ##.....
b - Sticks to Snakes      Tmut           #.......     12%         2    ###....

Your spell library contained the following spells:

 Spells                   Type           Power        Failure   Level  Hunger
 Spider Form              Tmut/Pois      #.........   43%         3    ####...
 Ice Form                 Ice/Tmut       #.......     83%         4    #####..
 Blade Hands              Tmut           #.........   92%         5    ######.


Dungeon Overview and Level Annotations

Branches:
Dungeon (2/15)

Altars:
Xom


Innate Abilities, Weirdness & Mutations

You cannot wear armour.
You are incapable of wielding weapons or throwing items.
Your paws allow you to move quietly. (Stealth)
You have sharp claws.
You have razor-sharp teeth.
You have supernaturally acute eyesight. (SInv)
You are carnivorous and can eat meat at any time.
You cover ground quickly.
You are covered in fur. (AC +1)
You have a slow metabolism.
Your sharp claws are effective at attacking unaware monsters.
You have a pair of horns on your head.


Message History

Unknown command.
Unknown command.
Unknown command.
You aren't carrying any items that you can evoke.
Unknown command.
As you read the scroll labeled XEREPY NUORPH, it crumbles to dust.
It is a scroll of identify.
You don't have any unidentified items.
The giant cockroach barely misses you. The adder bites you.
* * * LOW HITPOINT WARNING * * *
Unknown command.
You scratch the adder.
The adder is heavily wounded.
The giant cockroach misses you. The adder misses you.
The giant cockroach bites you.
* * * LOW HITPOINT WARNING * * *
You scratch the adder.
The adder is severely wounded.
The adder bites you.
You die...

#. ######### #.##
#.......# ..#
#.......# #.# #
#......$#####.###
#................
#.......#####.###
#####....#####.###
#@#.###..#>.....#
#sSg....##<###..#
#.#.######.# ...#
...### #.# .#.#
###$# #.##. .. #..
#.... .## #.#
####. ## ### .


You could see an adder, a giant cockroach and a goblin.

Vanquished Creatures
  2 leopard geckos
  A bat (D:2)
  A hobgoblin (D:2)
  A quokka (D:2)
  A frilled lizard (D:2)
  A kobold (D:2)
7 creatures vanquished.

Notes
Turn   | Place    | Note
-------+----------+-------------------------------------------
     0 | D:1      | Katsumi the Felid Transmuter began the quest for the Orb.
     0 | D:1      | Reached XP level 1. HP: 9/9 MP: 4/4
   106 | D:2      | Found a shimmering altar of Xom.
   399 | D:2      | Reached XP level 2. HP: 10/12 MP: 6/6
   403 | D:2      | Learned a level 2 spell: Sticks to Snakes
   495 | D:2      | Slain by an adder

Levels and vault maps discovered:
D:1:      dpeg_arrival_simpleton_b, layout_loops_ring
D:2:      layout_loops_cross, xom_teletrap_fun, first_ration, chequers_garden,
          grunt_decor_fettered

Skill      XL: |  1 |
---------------+----+-----
Transmutations | 3 |  3.1
Fighting       | |  1.0
Dodging        | |  2.6
Unarmed Combat | |  3.0
Spellcasting   | |  2.0

Action                   || total
-------------------------++-------
Melee: Unarmed           ||    43
       Headbutt          ||     3
       Bite              ||     2
 Cast: Beastly Appendage ||     9
       Sticks to Snakes  ||     2
  Use: Scroll            ||     1
       Potion            ||     1
  Eat: Chunk             ||     3
Armor: Skin              ||     3
Dodge: Dodged            ||    45
